 Dungeon Crawl Stone Soup version 0.29-a0-284-gf9362112df (webtiles) character file.

Game seed: 2423388466676845281

76 frimble the Skirmisher (level 4, 0/37 HPs)
             Began as a Djinni Cinder Acolyte on Mar 14, 2022.
             Was a High Priest of Ignis.
             Slain by Robin
             ... wielding a +0 mace
              (6 damage)
             ... on level 2 of the Dungeon.
             The game lasted 00:01:57 (2167 turns).

frimble the Skirmisher (Djinni Cinder Acolyte)      Turns: 2167, Time: 00:01:58

Health: 0/37       AC:  3    Str: 13 (15) XL:     4   Next: 57%
Gold:   89         EV: 11    Int: 14 (16) God:    Ignis [*****.] SH:  0 Dex:  7 (8)

rFire   + + +      SeeInvis +   a - -1 short sword (flame)
rCold   . . .      Faith    .   (no shield)
rNeg    . . .      Spirit   .   b - +1 robe
rPois   ∞          Reflect  .   (no helmet)
rElec   +          Harm     .   (no cloak)
rCorr   +          Rampage  .   (no gloves)
Will    .....                   (boots unavailable)
Stlth   +.........              (no amulet)
HPRegen 0.12/turn               e - ring of see invisible
MPRegen 0.00/turn               (no ring)

@: resistant, flying
A: sickness immunity, fire resistance 2, cold vulnerability 1, float, innate
caster, HP casting, extra vitality 1
a: Renounce Religion, Fiery Armour, Foxfire Swarm, Rising Flame


You were on level 2 of the Dungeon.
You worshipped Ignis.
Ignis was extremely pleased with you.
You visited 1 branch of the dungeon, and saw 2 of its levels.

You collected 89 gold pieces.

Inventory:

Hand Weapons
 a - a -1 short sword of flaming (weapon)
Armour
 b - a +1 robe (worn)
Jewellery
 e - a ring of see invisible (left hand)


   Skills:
 + Level 3.7 Fighting
 + Level 3.4 Short Blades
 + Level 3.0 Spellcasting


You had 6 spell levels left.
You knew the following spells:

 Your Spells              Type           Power      Damage    Failure   Level
a - Scorch                Fire           20%        2d6       10%         2
b - Freeze                Ice            40%        1d6       6%          1
Your spell library was empty.

Dungeon Overview and Level Annotations

Branches:
Dungeon (2/15)

Altars:

Annotations:
D:2 Robin


Innate Abilities, Weirdness & Mutations

You are immune to sickness and miasma.
You are immune to poison.
Your flesh is very heat resistant. (rF++)
You are vulnerable to cold. (rC-)
You float through the air rather than walking.
You learn spells naturally, not from books.
Your magical power is your life essence.
You have superior vitality. (+4 MHP)


Message History

Robin flickers and vanishes for a moment.
No previous command to re-do.
No previous command to re-do.
Robin is no longer more vulnerable to fire.
Robin attacks as you move away! Robin barely misses you.
You aren't carrying any items that you can evoke.
It was a potion of resistance.
You feel protected.
The hobgoblin no longer looks unusually strong.
Robin hits you with a +0 mace.
You hit Robin. You burn Robin.
Robin is moderately wounded.
Robin hits you with a +0 mace.
You barely miss Robin.
Robin is moderately wounded.
You closely miss Robin.
Robin is moderately wounded.
Robin hits you with a +0 mace.
* * * LOW HITPOINT WARNING * * *
You hit Robin but do no damage.
Robin is moderately wounded.
Robin says, "My army is invincible!"
Robin barely misses you.
You hit Robin. You burn Robin.
Robin is moderately wounded.
A goblin comes into view. It is wielding a +0 club.
Robin hits you but does no damage.
You hit Robin. You burn Robin.
Robin is severely wounded.
A goblin comes into view. It is wielding a +2 dagger of speed.
Robin hits you with a +0 mace.
* * * LOW HITPOINT WARNING * * *
You hit Robin but do no damage.
Robin is severely wounded.
Robin barely misses you.
You hit Robin. You burn Robin.
Robin is almost dead.
The goblin no longer looks unusually strong.
Robin hits you with a +0 mace.
You die...

≈≈... #g ...## ###.
≈≈..# . ... ≈≈..#.#
#.##)#### ≈≈..#.#
#......g#
≈≈....###.#####g##
≈≈...#... #gg#
........ ##g#
#....#.# #@##
....##.# # #..#
....##.##.# ##.##
##.###.##.######...#
.......#.........#.#
##.##....###.###...#
##.###..##.....##..#
...# #..#..#.#..#..#
#### #....#.#.#....#


You could see Robin (invisible), a hobgoblin and 3 goblins.

Vanquished Creatures
  4 adders (D:2)
  A worm (D:2)
  2 ball pythons
  2 bats
  4 endoplasms
  3 giant cockroaches
  6 goblins (D:2)
  4 hobgoblins
  A quokka (D:2)
  2 frilled lizards
  3 kobolds (D:1)
  3 rats (D:1)
35 creatures vanquished.

Notes
Turn   | Place    | Note
-------+----------+-------------------------------------------
     0 | D:1      | frimble the Djinni Cinder Acolyte began the quest for the
                  | Orb.
     0 | D:1      | Reached XP level 1. HP: 20/20 MP: 0/0
   513 | D:1      | Reached XP level 2. HP: 24/25 MP: 0/0
   679 | D:1      | Found a faded altar of an unknown god.
  1223 | D:2      | Reached XP level 3. HP: 17/30 MP: 0/0
  1223 | D:2      | Learned a level 1 spell: Freeze
  1469 | D:2      | HP: 1/30 [adder (2)]
  1780 | D:2      | Reached XP level 4. HP: 26/35 MP: 0/0
  2144 | D:2      | Noticed Robin
  2167 | D:2      | Slain by Robin

Illustrated notes

Levels and vault maps discovered:
D:1:      psy_arrival_whirlpool, layout_basic, basic_ecumenical_altar
D:2:      layout_loops_ring, minivault_14, minmay_box_of_dots, uniq_robin

Skill      XL: |  1  2  3  4 |
---------------+-------------+-----
Short Blades   | 3 |  3.4
Spellcasting   | 3 |  3.0
Fighting       | |  3.7

Action                   |  1- 3 |  4- 6 || total
-------------------------+-------+-------++-------
Melee: Short sword       |   109 |    30 ||   139
 Cast: Scorch            |    13 |     9 ||    22
  Use: Scroll            |     4 |       ||     4
       Potion            |     3 |     1 ||     4
 Stab: Sleeping          |     1 |       ||     1
Armor: Robe              |    39 |     2 ||    41
Dodge: Dodged            |    83 |    19 ||   102

Table legend: (Time is in decaauts)
 A = Elapsed time spent in this place.
 B = Non-inter-level travel time spent in this place.
 C = Inter-level travel time spent in this place.
 D = Time resting spent in this place.
 E = Time spent auto-exploring this place.
 F = Levels seen in this place.
 G = Mean time per level.
                   A        B        C        D        E       F      G
               +--------+--------+--------+--------+--------+-----+--------+
         Total |   2160 |   2141 |     19 |    269 |   1555 |   2 | 1080.0 |
       Dungeon |   2160 |   2141 |     19 |    269 |   1555 |   2 | 1080.0 |
               +--------+--------+--------+--------+--------+-----+--------+

Top non-repeatable levels by time:
     D:1: 1314 daAuts
     D:2: 846 daAuts
